 Dungeon Crawl Stone Soup version 0.19-a0-749-g66ae36b (webtiles) character file.

414 Fubayashi the Magician (level 6, -4/32 HPs)
             Began as a Gargoyle Earth Elementalist on June 24, 2016.
             Killed from afar by an orc wizard (8 damage)
             ... with a puff of flame
             ... on level 4 of the Dungeon.
             The game lasted 00:25:09 (5655 turns).

Fubayashi the Magician (GrEE)                       Turns: 5655, Time: 00:25:10

Health: -4/32      AC:  8    Str: 11 (12) XL:     6   Next: 91%
Magic:  3/13       EV: 12    Int: 21 (24) God:
Gold:   159        SH:  0    Dex: 10 (12) Spells: 3 memorised, 6 levels left

rFire  . . .     SeeInvis .     i - +0 whip
rCold  . . .     Gourm    .     s - +2 robe {MR+}
rNeg   + . .     Faith    .     (no shield)
rPois  ∞         Spirit   .     (helmet restricted)
rElec  +         Dismiss  .     (no cloak)
rCorr  .         Reflect  .     (no gloves)
SustAt .         Harm     .     (no boots)
MR     +....                    (no amulet)
Stlth  ++........               (no ring)
                                (no ring)

@: brilliant, very slightly contaminated, somewhat resistant to hostile
enchantments, unstealthy
A: antennae 1, agile 1, clever 1, negative energy resistance 1, electricity
resistance, unbreathing, petrification resistance, rot immunity, AC +4
a: no special abilities


You were on level 4 of the Dungeon.
You were very hungry.

You visited 1 branch of the dungeon, and saw 4 of its levels.
You also visited: Sewer.

You collected 159 gold pieces.

Inventory:

Hand Weapons
 i - a +0 whip (weapon)
Missiles
 b - 129 stones (quivered)
Armour
 s - a +2 robe of magic resistance (worn)
 u - a +0 helmet
 D - a cursed +0 helmet
Jewellery
 g - an uncursed ring of protection from cold {unknown}
 h - an uncursed ring of see invisible {unknown}
 w - an uncursed amulet of rage {unknown}
 E - a cursed -3 ring of strength {unknown}
Scrolls
 c - 2 scrolls of fog {unknown}
 f - 2 scrolls of amnesia {unknown}
 j - 2 scrolls of immolation {unknown}
 l - a scroll of fear {unknown}
 n - a scroll of noise {unknown}
 o - 5 scrolls of identify {unknown}
 q - a scroll of teleportation {unknown}
 t - a scroll of random uselessness {unknown}
 v - a scroll of magic mapping {unknown}
 y - 2 scrolls of blinking {unknown}
 B - a scroll of remove curse {unknown}
Potions
 p - a potion of brilliance
 r - a potion of degeneration {!q}
 x - a potion of heal wounds {unknown}
 z - a potion of lignification {unknown}
 A - 3 potions of berserk rage {!q}
 C - a potion of might {unknown}
Books
 e - a book of Geomancy

   Spells                             Type                      Level
   a - Sandblast                      Earth                        1
   b - Passwall                       Transmutation/Earth          2
   c - Stone Arrow                    Conjuration/Earth            3
   d - Petrify                        Transmutation/Earth          4
   e - Lee's Rapid Deconstruction     Earth                        5
Comestibles
 d - 2 bread rations {@e1}
 k - 3 meat rations {@e1}


   Skills:
 - Level 1.5 Dodging
 - Level 2.1 Stealth
 * Level 5.2 Spellcasting
 + Level 2.9 Conjurations
   Level 0.7 Transmutations
 + Level 5.2 Earth Magic


You had 6 spell levels left.
You knew the following spells:

 Your Spells              Type           Power        Failure   Level  Hunger
a - Sandblast             Erth           #####.       1%          1    None
b - Stone Arrow           Conj/Erth      #####.       1%          3    ##.....
c - Lee's Rapid Deconstr  Erth           #####.....   4%          5    #####..


Dungeon Overview and Level Annotations

Branches:
Dungeon (4/15)
 Temple: D:4-7

Altars:
Ru

Annotations:
D:4 Xiguana's ghost, amateur VSMo


Innate Abilities, Weirdness & Mutations

You are resistant to torment.
Your stone body is resilient. (AC +4)
You are immune to poison.
You resist negative energy. (rN+)
You are resistant to electric shocks. (rElec)
You can survive without breathing.
You are immune to petrification.
You are immune to rotting.
You have a pair of small antennae on your head.
You are agile. (Dex +2)
Your mind is acute. (Int +2)


Message History

There was something very wrong with that liquid.
You feel weakened.
You feel dopey.
You feel clumsy. The orc priest closely misses you.
Something hits you but does no damage.
It was a potion of mutation.
You feel extremely strange.
You feel agile. A pair of antennae grows on your head!
Your +0 helmet falls away!
You feel clever.
The orc priest hits you but does no damage.
Something hits you but does no damage.
It was a potion of curing.
You feel better.
The orc priest invokes the aid of Beogh against you.
You resist with some effort. Something hits you but does no damage.
The orc priest invokes the aid of Beogh against you.
Beogh smites you!
* * * LOW HITPOINT WARNING * * *
The orc priest mumbles some strange prayers to Beogh against you.
You hear some strange, mumbled words.
A puff of flame appears from out of thin air!
The puff of flame hits you!
You die...

...#..#...............
...####..................#..
'▓..........▒▒'▒▒........#..
.▓..........▒...▒........'.
.▓....(.....▒...'........#
▓▓..........▒▒..▒........#
▓.....▒▒'▒▒▒▒▒'▒▒........########
▓.....▒......▒..▒................
'.....▒......'..@.{o.............
▓.....▒▒'▒▒▒▒▒..▒................
.......)...▒▒▒▒'▒................
...........').).▒...............#
...........▒....▒...............#
...........▒....▒...............#
.####################▓▓▓▓.......#
▓.......# ▓.......#


You could see an orc priest.

Vanquished Creatures
  Purgy (Sewer)
  A crimson imp (D:4)
  An orc priest (D:4)
  An iguana (D:4)
  A worker ant (D:3)
  6 adders
  3 gnolls (D:3)
  2 oozes
  2 worms
  3 dart slugs (D:2)
  A giant gecko (D:4)
  13 orcs
  A ball python (D:1)
  3 giant cockroaches
  10 goblins
  10 hobgoblins
  6 jackals
  A quokka (D:2)
  5 bats
  5 giant newts
  9 kobolds
  11 rats
96 creatures vanquished.

Notes
Turn   | Place    | Note
--------------------------------------------------------------
     0 | D:1      | Fubayashi the Gargoyle Earth Elementalist began the quest for the Orb.
     0 | D:1      | Reached XP level 1. HP: 10/10 MP: 3/3
   204 | D:1      | Reached XP level 2. HP: 4/15 MP: 0/5
  1038 | D:1      | Reached XP level 3. HP: 17/19 MP: 7/7
  1043 | D:1      | Learned a level 3 spell: Stone Arrow
  2172 | D:2      | Reached XP level 4. HP: 24/24 MP: 5/9
  2954 | D:2      | Reached skill level 1 in Conjurations
  3539 | D:3      | Found a glowing drain.
  3548 | D:3      | Reached XP level 5. HP: 28/28 MP: 6/10
  3561 | Sewer    | Entered a sewer
  3601 | Sewer    | Learned a level 5 spell: Lee's Rapid Deconstruction
  3707 | Sewer    | Noticed Purgy
  3713 | Sewer    | Killed Purgy
  3713 | Sewer    | Reached skill level 5 in Earth Magic
  3713 | Sewer    | Reached XP level 6. HP: 32/32 MP: 1/12
  4043 | D:3      | Found a faded altar of an unknown god.
  5110 | D:4      | Found a sacrificial altar of Ru.
  5243 | D:4      | Noticed Xiguana's ghost (amateur VSMo)
  5277 | D:4      | Reached skill level 5 in Spellcasting
  5651 | D:4      | Gained mutation: You are agile. (Dex +2) [potion of mutation]
  5651 | D:4      | Gained mutation: You have a pair of small antennae on your head. [potion of mutation]
  5651 | D:4      | Gained mutation: Your mind is acute. (Int +2) [potion of mutation]
  5655 | D:4      | Killed from afar by an orc wizard

Vault maps used:
D:1:      saegor_arrival_simple_d
D:2:      wad_orctagon
D:3:      ecumenical_altar_2, gup_sewer_entry_glass, minmay_misc_feat_rugged
D:4:      lemuel_crystal_altar, serial_shops, shop_fountains,
          kennysheep_okawaru_gauntlet
Sewer:    sewer_the_crocodile

Skill      XL: |  1  2  3  4  5  6 |
---------------+-------------------+-----
Earth Magic    | 4 5 |  5.2
Spellcasting   | 3 4 5 |  5.2
Conjurations   | 1 2 |  2.9
Dodging        | |  1.5
Stealth        | |  2.1
Transmutations | |  0.7

Action                   |  1- 3 |  4- 6 || total
-------------------------+-------+-------++-------
Melee: Unarmed           |     7 |       ||     7
       Whip              |   107 |   169 ||   276
 Cast: Sandblast         |    45 |    68 ||   113
       Stone Arrow       |       |    25 ||    25
  Use: Potion            |       |     5 ||     5
 Stab: Sleeping          |       |     6 ||     6
       Distracted        |       |     1 ||     1
  Eat: Chunk             |     4 |    12 ||    16
Armor: Robe              |    38 |    82 ||   120
Dodge: Dodged            |    95 |   161 ||   256
